 Dungeon Crawl Stone Soup version 0.23-a0-435-g79ed067 (webtiles) character file.

219 sl00ts the Insei (level 5, -3/33 HPs)
             Began as an Octopode Transmuter on Nov 16, 2018.
             Slain by a slave (7 damage)
             ... led by Pikel
             ... on level 4 of the Dungeon.
             The game lasted 00:07:29 (3561 turns).

sl00ts the Insei (Octopode Transmuter)              Turns: 3561, Time: 00:07:48

Health: -3/33      AC:  1    Str: 15    XL:     5   Next: 96%
Magic:  7/8        EV: 13    Int: 15    God:
Gold:   226        SH:  0    Dex: 13    Spells: 2/8 levels left

rFire    . . .     SeeInvis .   n - +4 quarterstaff (chaos)
rCold    . . .     Gourm    .   (shield currently unavailable)
rNeg     . . .     Faith    .   (helmet restricted)
rPois    .         Spirit   .   (no amulet)
rElec    .         Reflect  .   (no ring)
rCorr    .         Harm     .   (no ring)
MR       .....                  (no ring)
Stlth    +++.......             (no ring)
HPRegen  0.11/turn              (no ring)
MPRegen  0.11/turn              (no ring)
                                (no ring)
                                (no ring)

@: mighty, appendage
A: almost no armour, stealthy swim, amphibious, 8 rings, constrict 8, tentacle
spike 3, camouflage 1, gelatinous body 1
a: End Transformation


You were on level 4 of the Dungeon.
You were near starving.
One of your tentacles had a temporary spike.
You visited 1 branch of the dungeon, and saw 4 of its levels.

You collected 226 gold pieces.

Inventory:

Hand Weapons
 n - a +4 quarterstaff of chaos (weapon)
Missiles
 a - 42 arrows
Jewellery
 g - an uncursed ring of poison resistance {unknown}
Wands
 b - a wand of disintegration (11)
 m - a wand of polymorph (10)
Scrolls
 d - 3 scrolls of remove curse
 e - a scroll of identify
 i - 2 scrolls of teleportation
Potions
 h - 2 potions of degeneration
 l - 2 potions of flight {unknown}
Comestibles
 c - 11 rations


   Skills:
 - Level 1.0 Fighting
 + Level 0.0 Staves
 - Level 2.0 Dodging
 + Level 3.2 Stealth
 + Level 4.7 Unarmed Combat
 - Level 2.0 Spellcasting
 + Level 4.0 Transmutations


You had 2 spell levels left.
You knew the following spells:

 Your Spells              Type           Power        Failure   Level  Hunger
a - Beastly Appendage     Tmut           ##....       4%          1    #......
b - Sticks to Snakes      Tmut           ##......     6%          2    ###....
c - Spider Form           Tmut/Pois      #.........   28%         3    ###....

Your spell library contained the following spells:

 Spells                   Type           Power        Failure   Level  Hunger
 Ice Form                 Ice/Tmut       #.......     67%         4    #####..
 Blade Hands              Tmut           ##........   75%         5    ######.


Dungeon Overview and Level Annotations

Branches:
Dungeon (4/15)
 Temple: D:4-7

Altars:
Cheibriados
Dithmenos
Kikubaaqudgha
Makhleb
Nemelex Xobeh
Qazlal
Sif Muna

Annotations:
D:4 Pikel


Innate Abilities, Weirdness & Mutations

You cannot wear most types of armour.
You are very stealthy in the water. (Stealth+)
You are amphibious.
You can wear up to eight rings at the same time.
You can use your tentacles to constrict eight enemies at once.
Your skin changes colour to match your surroundings (Stealth+).
Your rubbery body absorbs attacks. (AC +1, EV +1)
One of your tentacles bears a large vicious spike.


Message History

Pikel the Slaver comes into view.
He is wielding a +1 whip of freezing and The slave shouts!
You hear a shout!
Found an opalescent robe.
Casting: Beastly Appendage (safe; 4% risk of failure)
Confirm with . or Enter, or press ? or * to list all spells.
One of your tentacles grows a vicious spike.
You feel very mighty all of a sudden.
A slave comes into view.
Pikel drinks a potion.
Pikel seems to grow stronger.
The slave misses you.
Pikel hits you with a +1 whip of freezing!
Pikel freezes you.
You thump Pikel!
Pikel suddenly stops moving!
You grab Pikel.
Pikel is moderately wounded.
You constrict Pikel, but do no damage. The slave hits you!
* * * LOW HITPOINT WARNING * * *
The slave hits you.
* * * LOW HITPOINT WARNING * * *
The slave hits you!
You die...

### #########
##.###.).....# .#
##.#.##.......#
....####(###.#.#### #
........## ##.....##[####
.##..##..###...##K.......
#..##.#.#.#..p@pp..#$##
###.........#..#####.#
......#.#.#.#... #
###...<.....)###
##.#.###.### #.#....... #
#.... ... #.... ...
#..... ...


You could see Pikel (paralysed) and 3 slaves.

Vanquished Creatures
  An orc priest (D:3)
  Crazy Yiuf (D:3)
  7 adders
  An ooze (D:1)
  A worm (D:2)
  2 dart slugs
  3 leopard geckos
  4 orcs (D:3)
  2 ball pythons (D:2)
  3 giant cockroaches
  7 goblins
  7 hobgoblins
  10 jackals
  5 kobolds
  2 quokkas (D:2)
  9 bats
  4 frilled lizards
  12 rats
81 creatures vanquished.

Notes
Turn   | Place    | Note
-------+----------+-------------------------------------------
     0 | D:1      | sl00ts the Octopode Transmuter began the quest for the Orb.
     0 | D:1      | Reached XP level 1. HP: 13/13 MP: 3/3
    55 | D:1      | Reached XP level 2. HP: 18/18 MP: 5/5
   371 | D:1      | Reached XP level 3. HP: 16/23 MP: 6/6
  1271 | D:2      | Learned a level 2 spell: Sticks to Snakes
  1283 | D:2      | Learned a level 3 spell: Spider Form
  1484 | D:2      | Reached XP level 4. HP: 23/28 MP: 5/7
  1498 | D:2      | Reached skill level 1 in Stealth
  1694 | D:2      | Found an ancient bone altar of Kikubaaqudgha.
  1995 | D:2      | Found a stormy altar of Qazlal.
  2160 | D:3      | Reached XP level 5. HP: 24/33 MP: 8/8
  2408 | D:3      | Found a deep blue altar of Sif Muna.
  2448 | D:3      | Found a shadowy altar of Dithmenos.
  2485 | D:3      | Found a sparkling altar of Nemelex Xobeh.
  2490 | D:3      | Found a snail-covered altar of Cheibriados.
  2519 | D:3      | Found a burning altar of Makhleb.
  2581 | D:3      | Found a runed door.
  3273 | D:3      | Noticed Crazy Yiuf
  3281 | D:3      | Killed Crazy Yiuf
  3550 | D:4      | Noticed a slave
  3551 | D:4      | Noticed a slave
  3551 | D:4      | Noticed a slave
  3552 | D:4      | Noticed Pikel
  3559 | D:4      | Noticed a slave
  3561 | D:4      | Slain by a slave

Vault maps used:
D:1:      minmay_arrival_solitary_statue, minmay_tetromino_l4
D:2:      nicolae_overflow_hidden_temple, kiku_gazebo_garden_becter,
          first_ration
D:3:      old_standard_altar, grunt_temple_overflow_open,
          nicolae_overflow_crystal_walls, minmay_randomly_rotated_circles,
          uniq_crazy_yiuf_cottage
D:4:      kennysheep_mini, lemuel_round_altar, nicolae_ossuary_entry_monument,
          minmay_hollow_rounded_squares, uniq_pikel

Skill      XL: |  1  2  3  4  5 |
---------------+----------------+-----
Transmutations | 3 4 |  4.0
Unarmed Combat | 4 |  4.7
Stealth        | 2 3 |  3.2
Fighting       | |  1.0
Dodging        | |  2.0
Spellcasting   | |  2.0

Action                   |  1- 3 |  4- 6 || total
-------------------------+-------+-------++-------
Melee: Unarmed           |    91 |    95 ||   186
       Tentacles         |     9 |    15 ||    24
       Constrict         |    20 |    25 ||    45
       Kick              |    15 |    13 ||    28
       Punch             |     3 |     1 ||     4
       Quarterstaff      |       |     1 ||     1
 Cast: Beastly Appendage |    15 |    18 ||    33
  Use: Scroll            |     8 |     2 ||    10
       Potion            |       |     2 ||     2
 Stab: Sleeping          |     3 |     8 ||    11
       Distracted        |       |     1 ||     1
  Eat: Chunk             |     2 |     5 ||     7
Armor: Skin              |    11 |    13 ||    24
Dodge: Dodged            |    56 |    95 ||   151

Table legend:
 A = Non-vault XP
 B = Vault XP
 C = Vault XP percentage of total XP
 D = Non-vault monster count
 E = Vault monster count
 F = Vault count percentage of total count
                 A         B        C        D         E       F
            +---------+---------+-------+---------+---------+-------
      Total |     260 |      54 |  17.2 |      73 |       8 |   9.9
            +---------+---------+-------+---------+---------+-------
        D:1 |      42 |       2 |   4.5 |      22 |       2 |   8.3
        D:2 |      99 |       0 |   0.0 |      28 |       0 |   0.0
        D:3 |     119 |      52 |  30.4 |      23 |       6 |  20.7
            +---------+---------+-------+---------+---------+-------
